 Dungeon Sprint DCSS version 0.24.0-125-gc4c63601f3 (webtiles) character file.

Game seed: 16541844283658543452, levelgen mode: deterministic

1000000 Ponchio the Executioner (level 14, -21/157 HPs)
             Began as a Hill Orc Berserker on Mar 4, 2020.
             Was a Believer of Trog.
             Demolished by a meat berserker
             ... wielding a +9 battleaxe
              (79 damage)
             ... in the Dungeon (Sprint VIII: "Arena of Blood").
             The game lasted 00:01:19 (10 turns).

Ponchio the Executioner (Hill Orc Berserker)          Turns: 10, Time: 00:01:19

Health: -21/157    AC:  2    Str: 21    XL:     14   Next: 8%
Magic:  14/14      EV: 24    Int:  7    God:    Trog [**....]
Gold:   0          SH:  0    Dex: 14    Spells: 13/13 levels left

rFire    . . .     SeeInvis .   j - +∞ Axe of Woe
rCold    . . .     Gourm    .   (shield currently unavailable)
rNeg     . . .     Faith    .   b - +0 animal skin
rPois    .         Spirit   .   (no helmet)
rElec    .         Reflect  .   (no cloak)
rCorr    .         Harm     .   (no gloves)
MR       +....     NoTele   +   (no boots)
Stlth    +.........             (no amulet)
HPRegen  0.36/turn              (no ring)
MPRegen  0.14/turn              (no ring)

@: no status effects
A: no striking features
a: Berserk, Trog's Hand, Renounce Religion


You were in the Dungeon.
You worshipped Trog.
Trog was pleased with you.
You were not hungry.

You visited 1 branch

Inventory:

Hand Weapons
 a - a +0 hand axe
 j - the +∞ Axe of Woe (weapon)
   (You found it in the Dungeon)
Armour
 b - a +0 animal skin (worn)
Scrolls
 i - a scroll of blinking
Potions
 d - a potion of curing
 e - a potion of heal wounds
 f - a potion of haste
 g - 2 potions of magic
 h - a potion of berserk rage
Comestibles
 c - a ration


   Skills:
 + Level 23.6 Fighting
 + Level 25.2 Axes
 - Level 2.1 Armour
 + Level 17.8 Dodging


You had 13 spell levels left.
You didn't know any spells.
Your spell library was empty.

Dungeon Overview and Level Annotations

Branches:
Dungeon (1/1)

Altars:
Makhleb


Message History

You slice the meat berserker!!
You dissect the meat berserker like a pig carcass.
You kill the meat berserker!
Trog accepts your kill.
You can now call upon Trog for regeneration and magic resistance.
Your Fighting skill gained 4 levels and is now at level 23!
Your Axes skill gained 5 levels and is now at level 25!
Your Dodging skill gained 3 levels and is now at level 17!
You have reached level 13!
You have reached level 14!
You hear a shout! x2
The meat berserker rages.
A bag of meat comes into view. It is wielding a +9 war axe.
You hear a shout!
The meat berserker rages.
You hear a shout! x2
A meat berserker comes into view. It is wielding a +9 battleaxe.
The meat berserker hits you with a +9 battleaxe!!!!
Ouch! That really hurt!
You die...

.. .o #. .# #..
.o# .###..
..###.
....o.###......
....._.oO..
#..O..# #_O@._#
#.....#
..o.._.....
......###o.....
.###.. ..###.
#.. ..# #. .#
.. ..


You could see 3 meat berserkers and 6 bags of meat.

Vanquished Creatures
  An ogre (D)
  An orc (D)
2 creatures vanquished.

Notes
Turn   | Place    | Note
-------+----------+-------------------------------------------
     0 | D        | Found the +∞ Axe of Woe
     0 | D        | Ponchio the Hill Orc Berserker began the quest for the Orb.
     0 | D        | Reached XP level 1. HP: 19/19 MP: 1/1
     2 | D        | Noticed a bag of meat
     2 | D        | Noticed a bag of meat
     4 | D        | Noticed a bag of meat
     4 | D        | Noticed a meat berserker
     6 | D        | Noticed a meat berserker
     6 | D        | Noticed a bag of meat
     6 | D        | Noticed a meat berserker
     7 | D        | Noticed a bag of meat
     8 | D        | Noticed a bag of meat
     9 | D        | Killed a bag of meat
     9 | D        | Reached skill level 20 in Axes
     9 | D        | Reached XP level 2. HP: 55/55 MP: 2/2
     9 | D        | Reached XP level 3. HP: 62/62 MP: 3/3
     9 | D        | Reached XP level 4. HP: 70/70 MP: 4/4
     9 | D        | Reached XP level 5. HP: 77/77 MP: 5/5
     9 | D        | Reached XP level 6. HP: 85/85 MP: 6/6
     9 | D        | Reached XP level 7. HP: 92/92 MP: 7/7
     9 | D        | Reached XP level 8. HP: 100/100 MP: 8/8
     9 | D        | Reached XP level 9. HP: 107/107 MP: 9/9
     9 | D        | Reached XP level 10. HP: 115/115 MP: 10/10
     9 | D        | Reached XP level 11. HP: 123/123 MP: 11/11
     9 | D        | Reached XP level 12. HP: 130/130 MP: 12/12
     9 | D        | Noticed a bag of meat
    10 | D        | Killed a meat berserker
    10 | D        | Reached ** piety under Trog
    10 | D        | Reached skill level 25 in Axes
    10 | D        | Reached XP level 13. HP: 55/148 MP: 13/13
    10 | D        | Reached XP level 14. HP: 58/157 MP: 14/14
    10 | D        | Noticed a bag of meat
    10 | D        | Noticed a meat berserker
    10 | D        | Demolished by a meat berserker

Levels and vault maps discovered:
D:        meatsprint

Skill      XL: |  1  2  3  4  5  6  7  8  9 10 11 12 |
---------------+-------------------------------------+-----
Fighting       | 19 23 | 23.6
Axes           | 20 25 | 25.2
Dodging        | 14 17 | 17.8
Armour         | |  2.1

Action                   |  1- 3 |  4- 6 |  7- 9 | 10-12 | 13-15 || total
-------------------------+-------+-------+-------+-------+-------++-------
Melee: Executioner's axe |     1 |       |       |     1 |       ||     2
